 Dungeon Crawl Stone Soup version 0.30-b1-2-g02819fbbbe (webtiles) character file.

Game seed: 13616941004674329735

56 Arcadio the Digger (level 3, 17/19 HPs)
             Began as a Gargoyle Earth Elementalist on May 9, 2023.
             Was a Follower of Wu Jian.
             Quit the game on level 2 of the Dungeon.
             The game lasted 00:03:09 (1437 turns).

Arcadio the Digger (Gargoyle Earth Elementalist)    Turns: 1437, Time: 00:03:09

Health: 17/19      AC:  5    Str: 11    XL:     3   Next: 95%
Magic:  6/6        EV: 12    Int: 17    God:    Wu Jian [*.....]
Gold:   69         SH:  0    Dex: 10    Spells: 6/7 levels left

rFire   . . .        e - +1 dagger (holy)
rCold   . . .        (no shield)
rNeg    + . .        a - +0 robe
rPois   ∞            (no helmet)
rElec   +            (no cloak)
rCorr   .            (no gloves)
SInv    .            (no boots)
Will    .....        c - amulet of magic regeneration
Stlth   ++           (no ring)
HPRegen 0.23/turn    (no ring)
MPRegen 0.50/turn

%: no passive effects
@: no status effects
A: sickness immunity, AC +3, negative energy resistance 1, electricity
resistance, torment resistance 1, petrification resistance
a: Renounce Religion


You were on level 2 of the Dungeon.
You worshipped Wu Jian.
Wu Jian was aware of your devotion.
You visited 1 branch of the dungeon, and saw 2 of its levels.

You collected 69 gold pieces.

Inventory:

Hand Weapons
 e - a +1 dagger of holy wrath (weapon)
Armour
 a - a +0 robe (worn)
Jewellery
 c - an amulet of magic regeneration (around neck)
Scrolls
 d - a scroll of identify {unknown}
 g - a scroll of blinking {unknown}
 h - a scroll of summoning {unknown}
 i - a scroll of enchant weapon {unknown}
 j - a scroll of immolation {unknown}
 k - a scroll of teleportation {unknown}
Potions
 b - a potion of magic
 f - a potion of might {unknown}
 l - a potion of heal wounds {unknown}
 m - a potion of attraction {unknown}
 n - a potion of mutation {unknown}


   Skills:
 + Level 2.1 Dodging
 - Level 2.1 Stealth
 + Level 2.5 Spellcasting
 + Level 1.0 Conjurations
 - Level 1.2 Transmutations
 + Level 4.3 Earth Magic


You had 6 spell levels left.
You knew the following spells:

 Your Spells              Type           Power      Damage    Failure   Level
a - Sandblast             Erth           32%        2d9       3%          1

Your spell library contained the following spells:

 Spells                   Type           Power      Damage    Failure   Level
 Passwall                 Tmut/Erth      9%         N/A       9%          2
 Stone Arrow              Conj/Erth      22%        3d8       19%         3
 Petrify                  Tmut/Erth      11%        N/A       52%         4


Dungeon Overview and Level Annotations

Branches:
Dungeon (2/15) Zot: 10542

Altars:
Wu Jian


Innate Abilities, Weirdness & Mutations

You are immune to sickness and miasma.
Your stone body is resilient. (AC +3)
You are immune to poison.
You resist negative energy. (rN+)
You are resistant to electric shocks. (rElec)
You are resistant to unholy torment.
You are immune to petrification.


Message History

This altar belongs to (a) Wu Jian, (b) Vehumet or (c) Lugonu, but you can't tell which.
Press the corresponding letter to learn more about a god, or press enter to convert or escape to cancel.
Wu Jian accepts your prayer! The Council welcomes you!
You can now perform damaging attacks by moving towards foes.
You can now lightly attack monsters by moving around them.
The adder hisses angrily.
The adder bites you but does no damage.
You hit the adder.
The adder is moderately wounded.
The adder barely misses you.
You closely miss the adder.
The adder is moderately wounded.
The adder barely misses you. The adder bites you but does no damage.
You barely miss the adder.
The adder is moderately wounded.
The adder bites you but does no damage.
You closely miss the adder.
The adder is moderately wounded.
The adder bites you.
You barely miss the adder.
The adder is moderately wounded.
The adder bites you but does no damage. The adder bites you.
You hit the adder.
The adder is heavily wounded.
The adder closely misses you.
You barely miss the adder.
The adder is heavily wounded.
The adder barely misses you.
You miss the adder. You punch the adder.
The adder is almost dead.
The adder closely misses you. x2
You hit the adder.
You kill the adder!
The Council accepts your kill.
Your Conjurations skill increases to level 1!
You see here an adder corpse.
(D) Dungeon
Where to? (Enter - D:2 @ (x,y), ? - help)
Okay, then.
Are you sure you want to abandon this character and quit the game? (Confirm with "yes".)

.# ####...#.#####.#.#..
...+
+...................
.###
####...#.#####)###.. .#
##.##.# #.####. .#
####.# #...... .# #|#
##..... .# #+# #.#
#.###. ## #.# ##### #.#
#.# #. #.# ##.@.# #.#
#.# #.
###.######.#†###.# #.#
#. #
##....##..#_#.....# #.#
## #
##......#...#####..#
#.# #
##......##.###......#
#.
###.......##.###.###.##
.†...............#
#####...####.##### #
##.## #.#


There were no monsters in sight!

Vanquished Creatures
  An adder (D:2)
  6 dart slugs
  3 ball pythons
  6 hobgoblins
  3 jackals (D:2)
  A quokka (D:1)
  3 bats
  2 frilled lizards (D:2)
  5 goblins
  2 kobolds (D:1)
  3 rats
35 creatures vanquished.

Notes
Turn   | Place    | Note
-------+----------+-------------------------------------------
     0 | D:1      | Arcadio the Gargoyle Earth Elementalist began the quest for
                  | the Orb.
     0 | D:1      | Reached XP level 1. HP: 10/10 MP: 3/3
    98 | D:1      | Reached skill level 1 in Transmutations
    98 | D:1      | Reached XP level 2. HP: 15/15 MP: 1/5
   492 | D:1      | Reached skill level 4 in Earth Magic
   589 | D:1      | Reached XP level 3. HP: 19/19 MP: 6/6
  1419 | D:2      | Found a faded altar of an unknown god.
  1423 | D:2      | Prayed at the altar of an unknown god.
  1423 | D:2      | Became a worshipper of the Wu Jian Council
  1423 | D:2      | Reached * piety under Wu Jian
  1435 | D:2      | Reached skill level 1 in Conjurations
  1437 | D:2      | Quit the game

Illustrated notes

Levels and vault maps discovered:
D:1:      sevenhm_arrival_forest_fort_small_6, layout_basic
D:2:      layout_loops_corners, ebering_ecumenical_altar_rust

Skill      XL: |  1  2  3 |
---------------+----------+-----
Transmutations | 1 |  1.2
Earth Magic    | 4 |  4.3
Dodging        | 2 |  2.1
Conjurations   | 1 |  1.0
Stealth        | |  2.1
Spellcasting   | |  2.5

Action                     || total
---------------------------++-------
  Melee: Dagger            ||    10
         Punch             ||     1
   Cast: Sandblast         ||    42
 Armour: Robe              ||     8
  Dodge: Dodged            ||     9
